AoeStats
← rogerthat19

Black Forest

510038334Analyzed
4v4 RM · 3d ago on Sep 29, 2026· 125m 31s· 8 players
Game mode
Random Map
Map size
Large (8 player)
Population
200
Speed
Normal
Resources
Standard
Victory
Conquest
Starting age
Dark Age
Ending age
Imperial Age
RankedLock teamsTeams togetherTeam positionsShared explorationLock speedFull tech treeHidden civsTurbo modeCheats
Victory
Defeat
🇨🇳 Sicilians · China
1140
+11
🇦🇺 Slavs · Australia
1116
+12
🇹🇼 Byzantines · Taiwan
1047
+15
🇭🇰 Teutons · Hong Kong SAR China
1013
+15
🇨🇳 Franks · China
1042
-38
🇧🇷 Koreans · Brazil
1033
-14
🇺🇸 Spanish · United States
1032
-14
🇺🇸 Vietnamese · United States
969
-11
rogerthat19
0:47 Loom
11:04 Feudal Age
12:16 Double-Bit Axe
17:45 Castle Age
16:21 Stone Mining
27:11 Bow Saw
27:07 Fletching
27:38 Horse Collar
34:21 Heavy Plow
37:29 Imperial Age
36:36 Wheelbarrow
35:55 Fletching
36:19 Padded Archer Armor
37:17 Town Watch
37:32 Onager
38:37 Capped Ram
39:24 Elite Conquistador
40:26 Hand Cart
40:11 Town Patrol
40:48 Stone Shaft Mining
40:06 Gold Mining
41:32 Two-Man Saw
40:29 Capped Ram
43:00 Bloodlines
42:50 Husbandry
42:10 Cavalier
44:06 Scale Mail Armor
45:49 Paladin
49:30 Forging
49:36 Chain Mail Armor
50:56 Iron Casting
50:26 Siege Ram
51:16 Caravan
51:49 Ballistics
52:29 Chemistry
51:25 Murder Holes
57:33 Plate Mail Armor
58:03 Blast Furnace
56:59 Bodkin Arrow
57:20 Leather Archer Armor
56:55 Light Cavalry
60:08 Scale Barding Armor
66:22 Hussar
70:13 Chain Barding Armor
69:55 Bracer
70:25 Ring Archer Armor
86:53 Pikeman
87:20 Gambesons
124:17 Halberdier
Fatty
1:11 Loom
15:13 Feudal Age
15:37 Horse Collar
15:45 Double-Bit Axe
29:13 Castle Age
27:44 Fletching
28:51 Stone Mining
29:09 Arson
30:10 Heavy Plow
30:24 Bow Saw
30:29 Pikeman
34:38 Wheelbarrow
35:51 Crossbowman
36:33 Bodkin Arrow
36:39 Padded Archer Armor
36:27 Town Watch
41:41 Scale Mail Armor
41:52 Forging
42:54 Fortified Wall
44:02 Ballistics
44:21 Scale Barding Armor
45:24 Chain Mail Armor
46:04 Murder Holes
58:41 Sanctity
64:11 Hand Cart
68:56 Caravan
76:57 Squires
80:13 Imperial Age
90:50 Squires
92:20 Gold Mining
96:45 Halberdier
99:14 Plate Mail Armor
103:37 Iron Casting
106:53 Leather Archer Armor
106:39 Bracer
107:35 Elite Skirmisher
110:00 Imperial Skirmisher
113:53 Thumb Ring
119:55 Ring Archer Armor
Six
0:27 Loom
10:00 Feudal Age
10:30 Double-Bit Axe
20:01 Castle Age
21:56 Bow Saw
26:45 Horse Collar
27:31 Heavy Plow
28:54 Gold Mining
28:54 Stone Mining
31:29 Gold Shaft Mining
31:29 Stone Shaft Mining
33:55 Imperial Age
31:24 Town Watch
32:16 Wheelbarrow
31:33 Fletching
32:25 Treadmill Crane
33:07 Ballistics
32:45 Bodkin Arrow
33:27 Masonry
33:13 Murder Holes
33:34 Town Patrol
34:38 Forging
34:34 Scale Barding Armor
34:45 Bracer
35:52 Chemistry
34:59 Siege Engineers
35:28 Architecture
36:04 Eupseong
50:52 Thumb Ring
50:07 Crossbowman
51:34 Arbalester
69:02 Chain Barding Armor
69:18 Iron Casting
69:34 Light Cavalry
70:15 Husbandry
74:53 Caravan
84:05 Hussar
101:12 Pikeman
101:52 Squires
101:38 Arson
104:24 Scale Mail Armor
103:59 Halberdier
112:41 Chain Mail Armor
114:19 Fortified Wall
DD人
11:38 Feudal Age
16:02 Castle Age
13:51 Double-Bit Axe
17:31 Bow Saw
17:51 Husbandry
18:34 Loom
24:14 Wheelbarrow
24:25 Wheelbarrow
26:31 Gold Mining
26:50 Scale Barding Armor
26:55 Forging
27:48 Caravan
29:17 Hand Cart
31:52 Imperial Age
30:54 Chain Barding Armor
31:09 Iron Casting
30:30 Ordonnance Companies
31:36 Fletching
32:33 Cavalier
34:03 Chivalry
34:23 Conscription
34:10 Paladin
38:47 Plate Barding Armor
39:12 Blast Furnace
41:06 Pikeman
41:32 Gambesons
41:47 Squires
41:33 Arson
41:35 Halberdier
43:06 Hoardings
43:06 Scale Mail Armor
44:22 Chain Mail Armor
47:24 Plate Mail Armor
AbIGwAteRmElOn
7:52 Loom
12:59 Feudal Age
14:15 Wheelbarrow
13:26 Town Watch
13:31 Double-Bit Axe
23:06 Castle Age
21:34 Town Watch
22:53 Bloodlines
22:56 Forging
22:51 Scale Barding Armor
22:38 Fletching
22:43 Stone Mining
22:45 Gold Mining
22:59 Fishing Lines
24:02 Bow Saw
27:03 Gillnets
31:12 Imperial Age
28:59 Detinets
30:20 Iron Casting
30:05 Chain Barding Armor
31:40 Hand Cart
31:25 Town Patrol
31:30 Capped Ram
32:35 Masonry
33:44 Blast Furnace
33:20 Plate Barding Armor
33:14 Elite Boyar
35:08 Conscription
36:13 Hoardings
37:12 Plate Barding Armor
36:33 Bodkin Arrow
37:01 Ballistics
37:38 Horse Collar
38:38 Husbandry
39:10 Heavy Plow
44:05 Gold Shaft Mining
44:41 Two-Man Saw
45:41 Chemistry
45:32 Siege Ram
46:44 Murder Holes
48:00 Siege Engineers
51:25 Fortified Wall
51:56 Guard Tower
56:10 Caravan
56:15 Light Cavalry
56:17 Cavalier
59:28 Hussar
61:37 Druzhina
63:59 Coinage
65:28 Banking
71:57 Crop Rotation
92:31 Squires
98:41 Pikeman
100:25 Scale Mail Armor
101:39 Padded Archer Armor
104:21 Elite Skirmisher
107:41 Leather Archer Armor
108:31 Chain Mail Armor
110:34 Halberdier
113:37 Plate Mail Armor
113:38 Ring Archer Armor
Teutons_CF
0:56 Loom
14:25 Feudal Age
15:07 Double-Bit Axe
17:57 Fletching
21:57 Horse Collar
24:53 Castle Age
24:13 Gold Mining
24:13 Stone Mining
24:33 Scale Barding Armor
24:28 Town Watch
27:03 Bodkin Arrow
28:43 Pikeman
30:45 Bow Saw
31:20 Heavy Plow
33:11 Wheelbarrow
33:34 Wheelbarrow
36:01 Imperial Age
36:10 Imperial Age
34:07 Squires
34:38 Scale Mail Armor
35:10 Pikeman
36:31 Chain Mail Armor
36:37 Forging
36:49 Halberdier
38:32 Conscription
40:55 Plate Mail Armor
47:47 Iron Casting
107:57 Caravan
108:37 Hand Cart
108:36 Cavalier
109:27 Bloodlines
109:40 Chain Barding Armor
110:21 Blast Furnace
109:39 Paladin
113:06 Plate Barding Armor
112:25 Arson
115:08 Padded Archer Armor
115:54 Man-at-Arms
116:20 Gambesons
116:31 Heavy Scorpion
117:05 Capped Ram
119:31 Chemistry
118:54 Long Swordsman
120:53 Two-Handed Swordsman
xi jinping
李哥7758
1:27 Loom
11:47 Feudal Age
17:17 Castle Age
19:52 Forging
21:43 Wheelbarrow
22:35 Fletching
23:00 Double-Bit Axe
27:54 Horse Collar
29:30 Heavy Plow
31:38 Gold Mining
35:22 Imperial Age
32:56 Bodkin Arrow
33:03 Padded Archer Armor
33:47 Gold Shaft Mining
32:37 Elite Skirmisher
34:02 Bow Saw
34:07 Stone Mining
34:36 Leather Archer Armor
34:50 Ballistics
35:53 Hand Cart
36:18 First Crusade
35:36 Cranequins
36:16 Town Watch
36:59 Bracer
38:12 Elite Serjeant
39:10 Scale Mail Armor
39:55 Siege Engineers
42:02 Chemistry
42:06 Iron Casting
41:37 Scale Barding Armor
42:09 Husbandry
42:20 Bloodlines
41:32 Cavalier
45:28 Blast Furnace
46:05 Capped Ram
47:21 Caravan
47:52 Coinage
47:36 Guilds
47:11 Siege Ram
57:07 Chain Mail Armor
58:32 Crop Rotation
58:57 Squires
60:03 Light Cavalry
61:25 Conscription
63:41 Gambesons
64:24 Pikeman
72:50 Arson
73:53 Halberdier
74:38 Halberdier
122:43 Town Patrol
123:15 Plate Mail Armor
123:06 Chain Barding Armor
Connection lost

Rejoining the realm…

Still unreachable

The connection could not be restored.

Session expired

The server has moved on; the page needs a fresh start.